AoeStats
← soyedusrdo1983

Arena

509702382Analyzed
1v1 RM · 5d ago on Sep 27, 2026· 46m 6s· 2 players
Game mode
Random Map
Map size
Tiny (2 player)
Population
200
Speed
Normal
Resources
Standard
Victory
Conquest
Starting age
Dark Age
Ending age
Imperial Age
RankedLock teamsTeams togetherTeam positionsShared explorationLock speedFull tech treeHidden civsTurbo modeCheats
Victory
Defeat
🇨🇷 Khmer · Costa Rica
357
+15
🇦🇷 Portuguese · Argentina
332
-15
soyedusrdo1983
3:40 Loom
11:47 Feudal Age
12:59 Double-Bit Axe
19:11 Castle Age
20:14 Wheelbarrow
21:45 Stone Mining
23:47 Scale Barding Armor
23:42 Scale Mail Armor
23:50 Husbandry
24:53 Stone Shaft Mining
24:11 Gold Mining
31:05 Bloodlines
35:34 Imperial Age
33:24 Masonry
33:34 Chain Mail Armor
37:21 Chemistry
leoagv06
10:55 Feudal Age
11:48 Double-Bit Axe
11:45 Horse Collar
17:50 Castle Age
16:08 Bloodlines
17:31 Wheelbarrow
16:49 Town Watch
19:23 Forging
19:25 Scale Barding Armor
19:59 Light Cavalry
21:37 Husbandry
24:20 Bow Saw
24:13 Heavy Plow
24:20 Stone Mining
24:23 Gold Mining
27:52 Pikeman
30:25 Hand Cart
33:18 Arson
37:53 Imperial Age
36:06 Loom
39:19 Hussar
39:34 Halberdier
39:40 Capped Ram
42:19 Elite Ballista Elephant
43:22 Siege Ram
43:24 Heavy Scorpion
Connection lost

Rejoining the realm…

Still unreachable

The connection could not be restored.

Session expired

The server has moved on; the page needs a fresh start.